 Dungeon Crawl Stone Soup version 0.28-a0-1524-ge72afd5fc6 (webtiles) character file.

Game seed: 3044855456922156763

3265 sasquatch the Carver (level 9, -6/61 HPs)
             Began as a Demonspawn Gladiator on Jan 18, 2022.
             Was an Initiate of Ashenzari.
             Mangled by a wyvern (13 damage)
             ... on level 8 of the Dungeon.
             The game lasted 00:20:17 (10361 turns).

sasquatch the Carver (Demonspawn Gladiator)        Turns: 10361, Time: 00:20:18

Health: -6/61      AC: 13    Str: 19    XL:     9   Next: 68%
Magic:  9/9        EV: 11    Int:  9    God:    Ashenzari [......]
Gold:   430        SH:  0    Dex: 15    Spells: 4/8 levels left

rFire   . . .      SeeInvis .   a - +0 long sword
rCold   . . .      Faith    .   (no shield)
rNeg    . . .      Spirit   .   s - +0 ring mail
rPois   .          Reflect  .   c - +0 helmet
rElec   .          Harm     .   (no cloak)
rCorr   .          Rampage  .   (no gloves)
Will    .....                   (no boots)
Stlth   +.........              p - amulet "Perceptive Awkwardness" {RegenMP, Elem, Evo} (curse)
HPRegen 0.20/turn               x - +4 ring of protection
MPRegen 0.62/turn               (no ring)

@: no status effects
A: slimy green scales 2, magic regeneration, demonic touch 2
a: Renounce Religion, Shatter the Chains


You were on level 8 of the Dungeon.
You worshipped Ashenzari.
Ashenzari was noncommittal.
You visited 2 branches of the dungeon, and saw 9 of its levels.

You collected 430 gold pieces.

Inventory:

Hand Weapons
 a - a +0 long sword (weapon)
 o - a +1 flail of venom
 D - a +0 dagger of venom
Missiles
 d - 4 atropa-tipped darts (quivered)
 r - 2 boomerangs
Armour
 b - a +0 leather armour
 c - a +0 helmet (worn)
 e - a +0 chain mail
 s - a +0 ring mail (worn)
 y - a +0 plate armour
Magical Staves
 v - a staff of cold
Jewellery
 p - the cursed amulet "Perceptive Awkwardness" (around neck) {RegenMP, Elem, Evo}
   (You took it off an orc wizard on level 4 of the Dungeon)

   [amulet of magic regeneration]

   It increases your rate of magic regeneration.
   It has a curse which improves the following skills: Elements: Fire Magic, Ice
   Magic, Air Magic and Earth Magic.
   Evocations: Evocations.
 x - a +4 ring of protection (left hand)
Wands
 A - a wand of flame (8)
Scrolls
 f - a scroll of teleportation {unknown}
 h - a scroll of blinking
 i - a scroll of brand weapon {unknown}
 l - 3 scrolls of identify {unknown}
 q - a scroll of acquirement {unknown}
 u - a scroll of torment {unknown}
 B - a scroll of fog {unknown}
Potions
 g - 2 potions of curing
 j - 2 potions of brilliance
 k - a potion of invisibility {unknown}
 m - a potion of haste {unknown}
 n - a potion of resistance {unknown}
 t - a potion of might {unknown}
 w - 2 potions of flight {unknown}
 C - a potion of ambrosia {unknown}


   Skills:
 - Level 2.0 Fighting
 * Level 12.2 Long Blades
 - Level 1.7 Throwing
 - Level 2.6 Dodging
 + Level 3.6(4.0) Fire Magic


You had 4 spell levels left.
You knew the following spells:

 Your Spells              Type           Power      Damage    Failure   Level
a - Sticky Flame          Conj/Fire      3%         2d3       97%         4

Your spell library contained the following spells:

 Spells                   Type           Power      Damage    Failure   Level
 Conjure Flame            Conj/Fire      3%         6-21      67%         3
 Ensorcelled Hibernation  Hex/Ice        0%         N/A       71%         2
 Passwall                 Tmut/Erth      0%         N/A       71%         2
 Ignite Poison            Fire/Tmut/Pois 2%         N/A       77%         3
 Spider Form              Tmut/Pois      0%         N/A       91%         3
 Swiftness                Air            0%         N/A       91%         3
 Anguish                  Hex/Necr       0%         N/A       100%        4
 Fulminant Prism          Conj/Hex       0%         3d6       100%        4
 Iskenderun's Mystic Bla  Conj/Tloc      0%         2d3       100%        4
 Lee's Rapid Deconstruct  Erth           0%         3d5*      100%        5


Dungeon Overview and Level Annotations

Branches:
Dungeon (8/15)             Temple (1/1) D:4
   Lair: D:8-11

Altars:
Ashenzari
Cheibriados
Dithmenos
Elyvilon
Fedhas
Gozag
Hepliaklqana
Kikubaaqudgha
Makhleb
Nemelex Xobeh
Okawaru
Qazlal
Ru
Sif Muna
Trog
Uskayaw
Wu Jian
Xom
Yredelemnul
Zin
The Shining One

Shops:
D:3 (   D:4 (   D:7 *

Annotations:
D:7 exclusion: door


Innate Abilities, Weirdness & Mutations

You are mostly covered in slimy green scales. (AC +3)
You regenerate magic rapidly.
Your touch may inflict irresistible damage on your foes.


Message History

The wyvern hisses angrily.
Things that are here:
a +0 shortbow; 17 arrows; a centaur corpse
Items here: )) [[.
Items here: )) [[ ††.
Things that are here:
a +0 short sword; a +0 robe Throw: throwing net
Press: ? - help, Q - select action, (/) - cycle Shift-Dir - straight line, f - wyvern
Aim: a wyvern (59% to hit)
You throw a throwing net. The throwing net hits the wyvern.
The wyvern is caught in the net!
The wyvern struggles against the net.
You catch the helpless wyvern completely off-guard!
You slash the wyvern!
The wyvern is heavily wounded.
The wyvern struggles against the net. x2
You hit the wyvern but do no damage.
The wyvern is heavily wounded.
The wyvern struggles against the net.
The net rips apart, and the wyvern comes free!
You closely miss the wyvern.
The wyvern is heavily wounded.
The wyvern bites you but does no damage.
You barely miss the wyvern.
The wyvern is heavily wounded.
The wyvern bites you but does no damage.
You closely miss the wyvern.
You touch the wyvern!
The wyvern is severely wounded.
The wyvern bites you but does no damage.
You closely miss the wyvern. Your touch misses the wyvern.
The wyvern is severely wounded.
The wyvern bites you!
* * * LOW HITPOINT WARNING * * *
You hit the wyvern but do no damage.
The wyvern is severely wounded.
The wyvern bites you!
* * * LOW HITPOINT WARNING * * *
The wyvern bites you!
You die...

# #.# #.# #.# ..
#.#.# #.# #.#.#
...z#/#.###.# #.#.#
..........#.# #.#.#
...$#.#.#.#.# #.#.#
. ...#.....# #.#.#
#c#.#.....# #.#.#
..#.#...#.#.####.#.#
...........))l@.>..#
#.#.....#)##########
#..####.#.# .. ....#
...### ....# .....#
......# ...


You could see a wyvern.

Vanquished Creatures
  Prince Ribbit (D:6)
  Eustachio (D:6)
  A steam dragon (D:8)
  3 water moccasins
  3 orc warriors
  3 sky beasts
  An ogre (D:5)
  2 centaurs
  A phantom (D:4)
  A kobold brigand (D:7)
  3 bullfrogs
  A scorpion (D:5)
  A water moccasin zombie (D:5)
  A water moccasin skeleton (D:5)
  5 wights (D:8)
  A howler monkey (D:7)
  A bullfrog zombie (D:5)
  3 centaur zombies
  2 gnoll shamans
  3 hounds
  2 jellies
  A centaur skeleton (D:7)
  2 orc priests
  4 iguanas
  7 orc wizards
  A howler monkey zombie (D:7)
  14 gnolls
  3 adders
  A shadow imp (D:5)
  An ufetubus (D:6)
  A worm (D:3)
  2 dart slugs (D:3)
  24 orcs
  5 endoplasms
  3 giant cockroaches
  3 goblins
  5 hobgoblins
  2 jackals (D:3)
  4 quokkas
  7 ball pythons
  4 bats
  4 frilled lizards
  2 rats (D:1)
140 creatures vanquished.

Vanquished Creatures (others)
  10 plants (D:8)
10 creatures vanquished.

Grand Total: 150 creatures vanquished

Notes
Turn   | Place    | Note
-------+----------+-------------------------------------------
     0 | D:1      | sasquatch the Demonspawn Gladiator began the quest for the
                  | Orb.
     0 | D:1      | Reached XP level 1. HP: 16/16 MP: 1/1
   335 | D:1      | Reached skill level 3 in Long Blades
   628 | D:1      | Gained mutation: Your touch may inflict minor irresistible
                  | damage on your foes. [demonic ancestry]
   628 | D:1      | Reached XP level 2. HP: 22/22 MP: 2/2
  1113 | D:2      | Found a faded altar of an unknown god.
  1577 | D:3      | Reached XP level 3. HP: 17/27 MP: 3/3
  1712 | D:3      | Reached skill level 4 in Long Blades
  1762 | D:3      | Found Xuafa's Weapon Boutique.
  1815 | D:3      | HP: 1/27 [something/magic dart (4)]
  2114 | D:3      | Gained mutation: You are partially covered in slimy green
                  | scales. (AC +2) [demonic ancestry]
  2114 | D:3      | Reached XP level 4. HP: 33/33 MP: 4/4
  2806 | D:4      | Noticed a phantom
  3039 | D:4      | Reached skill level 5 in Long Blades
  3134 | D:4      | Reached XP level 5. HP: 18/38 MP: 5/5
  3300 | D:4      | Found Alarercha's Weapon Emporium.
  3553 | D:4      | Killed a phantom
  3554 | D:4      | Reached skill level 6 in Long Blades
  3554 | D:4      | Gained mutation: Your touch may inflict irresistible damage
                  | on your foes. [demonic ancestry]
  3554 | D:4      | Reached XP level 6. HP: 23/44 MP: 6/6
  4173 | D:4      | Found a staircase to the Ecumenical Temple.
  4187 | Temple   | Entered the Ecumenical Temple
  4490 | Temple   | Became a worshipper of Ashenzari the Shackled
  4699 | D:5      | Entered Level 5 of the Dungeon
  4699 | D:5      | Noticed Eustachio
  5380 | D:4      | Reached skill level 7 in Long Blades
  5537 | D:5      | Gained mutation: You are mostly covered in slimy green
                  | scales. (AC +3) [demonic ancestry]
  5537 | D:5      | Reached XP level 7. HP: 47/50 MP: 7/7
  5984 | D:5      | Reached skill level 8 in Long Blades
  6756 | D:5      | Reached skill level 9 in Long Blades
  6756 | D:5      | Reached XP level 8. HP: 44/56 MP: 8/8
  7170 | D:6      | Killed Eustachio
  7193 | D:6      | Noticed Prince Ribbit
  7205 | D:6      | Killed Prince Ribbit
  7477 | D:6      | Reached skill level 10 in Long Blades
  8601 | D:7      | Reached skill level 11 in Long Blades
  8633 | D:7      | Learned a level 4 spell: Sticky Flame
  8730 | D:7      | Gained mutation: You regenerate magic rapidly. [demonic
                  | ancestry]
  8730 | D:7      | Reached XP level 9. HP: 55/61 MP: 9/9
  8809 | D:7      | Reached skill level 1 in Fire Magic
  9141 | D:7      | Noticed a boulder beetle
  9551 | D:7      | Found Ygeyvenn's Island Escapes.
 10267 | D:8      | Reached skill level 12 in Long Blades
 10361 | D:8      | Mangled by a wyvern

Illustrated notes

Levels and vault maps discovered:
D:1:      minmay_arrival_plants_in_alcoves, layout_basic, serial_rivers,
          chequers_serial_rivers_large_a, chequers_serial_rivers_marsh,
          chequers_serial_rivers_large_b, chequers_serial_rivers_micro_c,
          minmay_misc_feat_nine_boxes
D:2:      layout_rooms, ebering_ecumenical_altar_abandoned
D:3:      layout_loops_corners, serial_shops, nicolae_shop_bloodbath_and_beyond,
          hangedman_decor_clover_reticule
D:4:      layout_cave_pods, minmay_temple_entry_offerings, serial_shops, shop
D:5:      layout_basic, serial_park_tiny_pond, uniq_eustachio
D:6:      layout_cave_pods, uniq_prince_ribbit1
D:7:      minmay_slanted_spiral_squares, layout_basic, lemuel_crystal_altar,
          nicolae_island_escapes
D:8:      layout_basic, minmay_lair_entry_grove, enter_bailey_2,
          nicolae_shop_overcharged_wands
Temple:   mainiacjoe_temple_circle_huts

Skill      XL: |  1  2  3  4  5  6  7  8  9 |
---------------+----------------------------+-----
Long Blades    | 3 4 5 6 7 9 11 12 | 12.2
Fire Magic     | 3 |  3.6
Fighting       | |  2.0
Throwing       | |  1.7
Dodging        | |  2.6

Action                   |  1- 3 |  4- 6 |  7- 9 || total
-------------------------+-------+-------+-------++-------
Melee: Long sword        |    93 |   147 |   373 ||   613
       Touch             |     9 |    20 |    76 ||   105
       Punch             |       |     3 |    11 ||    14
       Flail             |       |       |     9 ||     9
Throw: Throwing net      |     3 |       |     4 ||     7
Invok: Curse Item        |       |       |     1 ||     1
  Use: Potion            |     1 |       |     4 ||     5
       Scroll            |       |       |     1 ||     1
 Stab: Distracted        |       |     1 |       ||     1
       Sleeping          |       |     1 |       ||     1
       Held in net/web   |       |       |     1 ||     1
Armor: Leather armour    |    35 |    54 |       ||    89
       Ring mail         |       |       |   153 ||   153
Dodge: Dodged            |    54 |    90 |   205 ||   349

Table legend: (Time is in decaauts)
 A = Elapsed time spent in this place.
 B = Non-inter-level travel time spent in this place.
 C = Inter-level travel time spent in this place.
 D = Time resting spent in this place.
 E = Time spent auto-exploring this place.
 F = Levels seen in this place.
 G = Mean time per level.
                   A        B        C        D        E       F      G
               +--------+--------+--------+--------+--------+-----+--------+
         Total |  10405 |   9915 |    490 |   1368 |   6953 |   9 | 1156.1 |
       Dungeon |  10084 |   9630 |    454 |   1368 |   6692 |   8 | 1260.5 |
        Temple |    320 |    284 |     36 |      0 |    261 |   1 |  320.0 |
               +--------+--------+--------+--------+--------+-----+--------+

Top non-repeatable levels by time:
     D:5: 2288 daAuts
     D:4: 1998 daAuts
     D:7: 1442 daAuts
     D:3: 1347 daAuts
     D:6: 1257 daAuts
     D:1: 971 daAuts
     D:2: 604 daAuts
  Temple: 320 daAuts
     D:8: 174 daAuts
